 Dungeon Crawl Stone Soup version 0.32-a0-981-g384da2ce10 (webtiles) character file.

Game seed: 15282829420345558753

11 protoss039 the Digger (level 2, 21/21 HPs)
             Began as a Demonspawn Earth Elementalist on Apr 20, 2024.
             Got out of the dungeon alive.
             The game lasted 00:00:46 (306 turns).

protoss039 the Digger (DsEE)                         Turns: 306, Time: 00:00:47

Health: 21/21      AC:  3    Str:  8    XL:     2   Next: 13%
Magic:  5/5        EV: 11    Int: 15    God:
Gold:   15         SH:  0    Dex: 13    Spells: 4/5 levels left

rFire   . . .        e - +0 spear
rCold   . . .        (no shield)
rNeg    . . .        a - +0 robe
rPois   .            c - +0 helmet
rElec   .            (no cloak)
rCorr   .            (no gloves)
SInv    .            (no boots)
Will    .....        (no amulet)
Stlth   ++           (no ring)
HPRegen 0.23/turn    (no ring)
MPRegen 0.09/turn

%: no passive effects
@: no status effects
A: weakness stinger 1
a: no special abilities


You escaped.
You visited 1 branch of the dungeon, and saw 1 of its levels.

You collected 15 gold pieces.

Inventory:

Hand Weapons
 e - a +0 spear (weapon)
Armour
 a - a +0 robe (worn)
 c - a +0 helmet (worn)
Scrolls
 d - a scroll of enchant weapon {unknown}
Potions
 b - a potion of magic


   Skills:
 + Level 1.0 Fighting
 - Level 1.7 Dodging
 - Level 1.7 Stealth
 + Level 2.2 Spellcasting
 - Level 1.0 Conjurations
 + Level 2.9 Earth Magic


You had 4 spell levels left.
You knew the following spells:

 Your Spells              Type           Power      Damage    Failure   Level
a - Sandblast             Erth           20%        2d7       7%          1

Your spell library contained the following spells:

 Spells                   Type           Power      Damage    Failure   Level
 Passwall                 Erth           10%        N/A       21%         3
 Stone Arrow              Conj/Erth      14%        3d7       28%         3
 Brom's Barrelling Bould  Conj/Erth      7%         2d3       67%         4
 Petrify                  Alch/Erth      6%         N/A       75%         4


Dungeon Overview and Level Annotations

Branches:
Dungeon (1/15) Zot: 5688

Altars:


Innate Abilities, Weirdness & Mutations

You have a small tail.


Message History

e - a +0 spear (weapon)
A ball python comes into view.
The ball python hisses angrily.
The goblin shouts!
Casting: Sandblast (safe; 7% risk of failure)
Confirm with . or Enter, or press ? or * to list all spells.
Aiming: Sandblast (safe; 7% risk of failure)
Press: ? - help, Shift-Dir - straight line, f - goblin
Aim: a goblin, wielding a +0 club (77% to hit)
The blast of sand hits the goblin!
You kill the goblin!
The ball python barely misses you. The ball python grabs you.
The ball python constricts you. The ball python barely misses you.
The ball python constricts you.
Casting: Sandblast (safe; 7% risk of failure)
Confirm with . or Enter, or press ? or * to list all spells.
Aiming: Sandblast (safe; 7% risk of failure)
Press: ? - help, Shift-Dir - straight line, f - ball python
Aim: a ball python (constricting you, 80% to hit)
The blast of sand hits the ball python.
The ball python is heavily wounded.
The ball python bites you. The ball python constricts you.
Unknown command.
Casting: Sandblast (safe; 7% risk of failure)
Confirm with . or Enter, or press ? or * to list all spells.
Aiming: Sandblast (safe; 7% risk of failure)
Press: ? - help, Shift-Dir - straight line, f/p - ball python
Aim: a ball python (heavily wounded, constricting you, 80% to hit)
The blast of sand hits the ball python.
You kill the ball python!
Your Fighting skill increases to level 1!
Unknown command.
No target in view!
Okay, then.
Okay, then.
Unknown command.
Unknown command.
HP restored.
There is an open door here.
There is a staircase leading out of the dungeon here.
You have escaped!

#.# #.# #.# ###
###########
#^#^#Z#^#Z#####
############Z#Z##
##..........#####Z
#@..............##
##......#######...
########Z#Z#Z####
#Z#Z#^#######Z#^
####### ####


You could see an armataur skeleton (wandering).

Vanquished Creatures
  A dart slug (D:1)
  A ball python (D:1)
  2 endoplasms (D:1)
  2 quokkas (D:1)
  A goblin (D:1)
  A rat (D:1)
8 creatures vanquished.

Notes
Turn   | Place    | Note
-------+----------+-------------------------------------------
     0 | D:1      | protoss039 the Demonspawn Earth Elementalist began the
                  | quest for the Orb.
     0 | D:1      | Reached XP level 1. HP: 13/13 MP: 3/3
     5 | D:1      | Noticed a minotaur skeleton
   198 | D:1      | Gained mutation: You have a small tail. [demonic ancestry]
   198 | D:1      | Reached XP level 2. HP: 20/20 MP: 0/5
   260 | D:1      | Reached skill level 1 in Fighting
   306 | D:$      | Got out of the dungeon alive.

Illustrated notes

Levels and vault maps discovered:
D:1:      shiori_arrival_whats_in_store_for_you, layout_rooms

Skill      XL: |  1  2 |
---------------+-------+-----
Fighting       | 1 |  1.0
Dodging        | |  1.7
Stealth        | |  1.7
Spellcasting   | |  2.2
Conjurations   | |  1.0
Earth Magic    | |  2.9

Action                     || total
---------------------------++-------
  Melee: Unarmed           ||     7
         Punch             ||     1
   Cast: Sandblast         ||    12
 Armour: Robe              ||     6
  Dodge: Dodged            ||     8

Table legend: (Time is in decaauts)
 A = Elapsed time spent in this place.
 B = Non-inter-level travel time spent in this place.
 C = Inter-level travel time spent in this place.
 D = Time resting spent in this place.
 E = Time spent auto-exploring this place.
 F = Levels seen in this place.
 G = Mean time per level.
                   A        B        C        D        E       F      G
               +--------+--------+--------+--------+--------+-----+--------+
         Total |    311 |    250 |     61 |     85 |     97 |   1 |  311.0 |
       Dungeon |    311 |    250 |     61 |     85 |     97 |   1 |  311.0 |
               +--------+--------+--------+--------+--------+-----+--------+

Top non-repeatable levels by time:
     D:1: 311 daAuts
